 Dungeon Crawl Stone Soup version 0.13.0-15-g9204fa6 (webtiles) character file.

2908 M4edhros the Unseen (level 9, -9/56 HPs)
             Began as an Octopode Artificer on Oct 20, 2013.
             Was a Follower of Okawaru.
             Mangled by Prince Ribbit (10 damage)
             ... on Level 7 of the Dungeon.
             The game lasted 00:21:35 (5891 turns).

M4edhros the Unseen (Octopode Artificer)            Turns: 5891, Time: 00:21:35

HP  -9/56        AC  1     Str 10      XL: 9   Next: 65%
MP  13/13        EV 12     Int 17      God: Okawaru [*.....]
Gold 206         SH  8     Dex 13      Spells:  0 memorised,  8 levels left

Res.Fire  : . . .   See Invis. : .   d - +2 dwarf dagger (venom)
Res.Cold  : . . .   Warding    : .   p - -1 orc buckler (curse)
Life Prot.: . . .   Conserve   : .   (helmet restricted)
Res.Poison: .       Res.Corr.  : .   (no amulet)
Res.Elec. : .       Clarity    : .   u - ring of regeneration
Sust.Abil.: . .     Spirit.Shd : .   (no ring)
Res.Mut.  : .       Stasis     : .   (no ring)
Res.Rott. : .       Flight     : .   (no ring)
Saprovore : . . .                    (no ring)
                                     (no ring)
                                     (no ring)
                                     (no ring)

@: slightly resistant to hostile enchantments, extraordinarily stealthy
A: almost no armour, amphibious, 8 rings, constrict 8, camouflage 1, AC +1
a: Heroism, Renounce Religion


You were on level 7 of the Dungeon.
You worshipped Okawaru.
Okawaru was aware of your devotion.
You were near starving.

You visited 2 branches of the dungeon, and saw 8 of its levels.

You collected 186 gold pieces.

Inventory:

Hand weapons
 a - a +0,-1 short sword
 d - a +2,+2 dwarven dagger of venom (weapon)
 e - a +4,+2 elven short sword of speed
 h - a +2,+2 dagger of flaming
 i - a -1,+0 elven dagger
 m - a +4,+4 long sword of holy wrath
 y - the +3,+2 whip of Sin {holy, rF+ rC+ Str+3 Stlth++}
   (You found it on level 7 of the Dungeon)

   It has been blessed by the Shining One to cause great damage to the undead
   and demons.
   It affects your strength (+3).
   It protects you from fire.
   It protects you from cold.
   It makes you much more stealthy.
 z - a +0,+2 whip of electrocution
Missiles
 l - 2 throwing nets (quivered)
Armour
 p - a cursed -1 orcish buckler (worn)
 s - a +0 buckler
Magical devices
 b - a wand of flame (0)
 c - a wand of enslavement (0)
 o - a wand of paralysis (15) {unknown}
 v - a wand of hasting (2)
 x - a wand of random effects (14)
Comestibles
 f - 6 bread rations
 j - 2 meat rations
 q - a pear
 r - an apple
Scrolls
 g - 3 scrolls of identify
 t - a scroll of fear {unknown}
Jewellery
 u - a ring of regeneration (left tentacle)
Potions
 k - a potion of might
 n - a potion of brilliance
 w - a potion of slowing {unknown}


   Skills:
 * Level 3.1 Fighting
 + Level 2.0 Short Blades
 - Level 2.0 Dodging
 + Level 15.9 Stealth
 * Level 2.6 Shields
 - Level 3.2 Evocations


You had 8 spell levels left.
You didn't know any spells.

Dungeon Overview and Level Annotations

Branches:
Dungeon (7/27)             Temple (1/1) D:7             Orc (0/4) D:6

Altars:
Ashenzari
Cheibriados
Makhleb
Nemelex Xobeh
Okawaru
Sif Muna
Trog
Xom
Yredelemnul
the Shining One

Annotations:
D:7 Prince Ribbit


Innate Abilities, Weirdness & Mutations

You cannot wear most types of armour.
You are amphibious.
You can wear up to eight rings at the same time.
You can use your tentacles to constrict many enemies at once.
Your skin changes colour to match your surroundings (Stlth).
Your rubbery body absorbs attacks (AC +1).


Message History

You squeeze Prince Ribbit, but do no damage.
Prince Ribbit is severely wounded.
You constrict Prince Ribbit. Prince Ribbit barely misses you.
Prince Ribbit hits you!
* * * LOW HITPOINT WARNING * * *
Unknown command.
Unknown command.
Unknown command.
You release your grip on Prince Ribbit.
Evoke which item? (* to show all) (? for menu, Esc to quit)
Zapping:
x - a wand of random effects
Press: ? - help, Shift-Dir - straight line, f/p - Prince Ribbit
Aim: Prince Ribbit (severely wounded, poisoned) Nothing appears to happen.
Prince Ribbit hits you!
* * * LOW HITPOINT WARNING * * *
You miss Prince Ribbit. You grab Prince Ribbit.
Prince Ribbit is almost dead.
You constrict Prince Ribbit. You block Prince Ribbit's attack.
Prince Ribbit hits you!
You die...

#............................
#............................
#..................).........
#............................
##...........................
##..........................
##.........................
##........................
#@......@F...............
#[######.................
#.#8...#...........z.....
#.###.)#.............[...
#....._#.................
#.###..#@................
#.#8...#.................
#.######.################
#@.......#


You could see Prince Ribbit and 2 neutral freed slaves.

Vanquished Creatures
  Pikel (D:7)
  A merfolk (D:7)
  4 orc warriors
  2 sky beasts
  2 dwarves (D:7)
  3 phantoms
  An ogre (D:4)
  A centaur (D:7)
  Duvessa (D:7)
  A warg (D:6)
  2 giant frogs
  Blork the orc (D:7)
  Dowan (D:7)
  3 goliath beetles
  An orc priest (D:6)
  2 big fish (D:7)
  2 jellies
  A crimson imp (D:5)
  A scorpion (D:7)
  3 worker ants
  3 hounds (D:4)
  2 iguanas
  3 orc wizards
  An adder (D:6)
  A worm (D:6)
  3 giant geckos
  7 orcs
  7 bats
  3 giant cockroaches
  6 hobgoblins
  3 kobolds
  3 quokkas
  A giant gecko skeleton (D:4)
  A giant newt (D:4)
  7 goblins
  6 rats
  A rat skeleton (D:4)
  A rat zombie (D:7)
93 creatures vanquished.

Vanquished Creatures (collateral kills)
  A hound (D:6)
  2 orc priests
  2 orc wizards (D:7)
  An iguana (D:6)
  A big kobold zombie (D:7)
  A giant gecko zombie (D:7)
  A giant newt (D:6)
  A butterfly (D:7)
10 creatures vanquished.

Grand Total: 103 creatures vanquished

Notes
Turn   | Place    | Note
--------------------------------------------------------------
     0 | D:1      | M4edhros, the Octopode Artificer, began the quest for the Orb.
     0 | D:1      | Reached XP level 1. HP: 14/14 MP: 1/1
    76 | D:1      | Reached XP level 2. HP: 4/19 MP: 3/3
   623 | D:4      | Reached skill level 4 in Stealth
   623 | D:4      | Reached XP level 3. HP: 3/24 MP: 4/4
   825 | D:4      | Reached skill level 5 in Stealth
   825 | D:4      | Reached XP level 4. HP: 14/29 MP: 6/6
  1011 | D:4      | Reached skill level 6 in Stealth
  1047 | D:4      | Reached XP level 5. HP: 25/34 MP: 7/7
  1058 | D:4      | Reached skill level 7 in Stealth
  1177 | D:4      | Noticed an ogre
  1189 | D:4      | Killed an ogre
  1189 | D:4      | Reached skill level 8 in Stealth
  1189 | D:4      | Reached XP level 6. HP: 36/39 MP: 9/9
  1340 | D:5      | Entered Level 5 of the Dungeon
  1357 | D:5      | Reached skill level 9 in Stealth
  1717 | D:5      | Reached skill level 10 in Stealth
  1717 | D:5      | Reached XP level 7. HP: 15/44 MP: 10/10
  2197 | D:6      | Reached skill level 11 in Stealth
  2909 | D:6      | Upgraded the game from 0.13.0-13-g27bfa31 to 0.13.0-15-g9204fa6
  3224 | D:6      | Reached skill level 12 in Stealth
  3226 | D:6      | Reached XP level 8. HP: 18/50 MP: 12/12
  3785 | D:6      | Found a staircase to the Orcish Mines.
  3821 | D:6      | Reached skill level 13 in Stealth
  4103 | D:7      | Found a snail-covered altar of Cheibriados.
  4163 | D:7      | Got a transparent whip
  4378 | D:6      | HP: 2/50 [goliath beetle (28)]
  4472 | D:6      | Identified the +3,+2 whip of Sin {holy, rF+ rC+ Str+3 Stlth++} (You found it on level 7 of the Dungeon)
  4489 | D:7      | Noticed Duvessa
  4490 | D:7      | Noticed Dowan
  4513 | D:7      | Killed Duvessa
  4687 | D:7      | Killed Dowan
  4687 | D:7      | Reached skill level 14 in Stealth
  4766 | D:7      | Noticed Prince Ribbit
  4830 | D:7      | Noticed Pikel
  4961 | D:7      | Found a staircase to the Ecumenical Temple.
  4968 | Temple   | Entered the Ecumenical Temple
  5071 | D:7      | Noticed Blork the orc
  5084 | D:7      | Killed Blork the orc
  5117 | D:7      | Reached XP level 9. HP: 34/54 MP: 13/13
  5130 | D:7      | Found a basalt altar of Yredelemnul.
  5157 | D:7      | Reached skill level 15 in Stealth
  5168 | D:7      | Found a shimmering altar of Xom.
  5508 | D:7      | Found an iron altar of Okawaru.
  5560 | D:7      | Became a worshipper of Warmaster Okawaru
  5661 | D:7      | Reached skill level 1 in Shields
  5778 | D:7      | Killed Pikel
  5778 | D:7      | Acquired Okawaru's first power
  5890 | D:7      | HP: 1/56 [Prince Ribbit (7)]
  5891 | D:7      | Mangled by Prince Ribbit

Action                   |  1- 3 |  4- 6 |  7- 9 || total
-------------------------+-------+-------+-------++-------
Melee: Short sword       |    14 |       |     5 ||    19
       Dagger            |    13 |    42 |   256 ||   311
Throw: Throwing net      |       |       |     2 ||     2
Evoke: Wand              |     8 |    21 |    18 ||    47
  Use: Potion            |       |     1 |     8 ||     9
       Scroll            |       |       |    16 ||    16
 Stab: Distracted        |     1 |       |     1 ||     2
       Sleeping          |     1 |     9 |    13 ||    23
